Unix NetHack Version 3.7.0-60 Work-in-progress - last build Jul 10 2022 06:21:10 (14e6c82d0a2bdcc1d3355b92dfa208a3528279b5,branch:master). Game began 2022-07-10 15:44:47, ended 2022-07-10 15:50:04. elenmirie, chaotic female orcish Rogue ------ |fr..| |@|%.- |.|#..| |.| ..| |.| ).| |.| -.- |.| .. |.| . |.| .. |.| .. |.| .. --.-- .. |<..| ... --.-- -.- --- -- Elenmirie the Footpad St:17 Dx:18 Co:12 In:9 Wi:10 Ch:9 Chaotic Dlvl:4 $:204 HP:0(13) Pw:3(3) AC:7 Xp:2/21 T:951 Hungry Latest messages: You throw 2 orcish daggers. The 1st orcish dagger hits the red mold. You kill the red mold! Welcome to experience level 2. j - 2 uncursed +0 orcish daggers (at the ready) (5 in total). You see here a cyan potion. v - a cyan potion. $ - 7 gold pieces (204 in total). What do you want to use or apply? [ewx or ?*] w You put a scroll labeled ETAOIN SHRDLU into the sack. You put a cyan potion into the sack. You are beginning to feel hungry. What do you want to drop? [$a-ceh-jlpuwx or ?*] u You drop a long sword named Demonbane. Coco picks up a yellow mold corpse. Coco drops a yellow mold corpse. Coco picks up a yellow mold corpse. Coco drops a yellow mold corpse. Coco picks up a yellow mold corpse. Coco drops a yellow mold corpse. Coco picks up a yellow mold corpse. Coco drops a yellow mold corpse. You see here a long sword named Demonbane. u - a long sword named Demonbane. What do you want to wield? [- abju or ?*] u The long sword named Demonbane welds itself to your hand! You descend the stairs. There are several objects here. y - 5 daggers. z - a whistle. What do you want to use or apply? [ewxz or ?*] z You produce a high whistling sound. What do you want to call? [wz or ?*] z Call a whistle: tin You miss the rabid rat. The rabid rat bites! You hit the rabid rat. The rabid rat bites! Coco misses the rabid rat. You miss the rabid rat. Coco misses the rabid rat. The rabid rat bites! The rabid rat's bite was poisoned! The poison doesn't seem to affect you. You die... Do you want your possessions identified? [ynq] (y) y Do you want to see your attributes? [ynq] (y) y Do you want an account of creatures vanquished? [ynaq] (y) y Do you want to see your conduct and achievements? [ynq] (y) y Do you want to see the dungeon overview? [ynq] (y) y Major events: Turn 1: elenmirie the chaotic female orcish Rogue entered the dungeon 753: found Demonbane on the floor 933: entered the Gnomish Mines 951: killed by a rabid rat Inventory: Weapons y - 5 uncursed +0 daggers b - an uncursed +0 orcish dagger j - 5 uncursed +0 orcish daggers (at the ready) u - the cursed +0 Demonbane (weapon in hand) a - an uncursed +0 orcish short sword (alternate weapon; not wielded) Armor c - an uncursed +1 leather armor (being worn) Comestibles h - an uncursed food ration l - 3 uncursed food rations i - an uncursed tripe ration p - an uncursed tripe ration Tools w - an uncursed sack containing 9 items x - an uncursed blindfold e - an uncursed lock pick z - an uncursed tin whistle Contents of the sack: a cursed scroll of destroy armor a cursed scroll of enchant armor a cursed scroll of fire an uncursed scroll of food detection an uncursed scroll of magic mapping an uncursed spellbook of cure sickness an uncursed spellbook of force bolt an uncursed potion of gain ability an uncursed potion of sickness Elenmirie the Rogue's attributes: Background: You were a Footpad, a level 2 female orcish Rogue. You were chaotic, on a mission for Kos who was opposed by Issek (lawful) and Mog (neutral). You were in the Gnomish Mines, on level 4. You entered the dungeon 951 turns ago. You had 21 experience points, 19 more were needed to attain level 3. Basics: You had 0 out of 13 hit points. You had all 3 energy points (spell power). Your armor class was 7. Your wallet contained 204 zorkmids. Autopickup was on for '$' plus thrown. Final Characteristics: Your strength was 17 (limit:18/50). Your dexterity was 18 (limit:18). Your constitution was 12 (limit:18). Your intelligence was 9 (limit:16). Your wisdom was 10 (limit:16). Your charisma was 9 (limit:16). Final Status: You were hungry. You were unencumbered. You were wielding a long sword. You were unskilled in long sword. Final Attributes: You were devoutly aligned. You were poison resistant. You had infravision. You were stealthy. You were warded. You are dead. Miscellaneous: You encountered 1 bones level. Total elapsed playing time was 5 minutes and 15 seconds. Vanquished creatures: a yellow mold a red mold a gecko 2 jackals a kobold 5 newts 11 creatures vanquished. No species were genocided or became extinct. Voluntary challenges: You were an atheist. You were illiterate. You never engraved Elbereth. You never genocided any monsters. You never polymorphed an object. You never changed form. You used no wishes. Achievements: You entered a shop. You entered the Gnomish Mines. The Dungeons of Doom: levels 1 to 3 Level 1: Some fountains. Level 2: Level 3: A potion shop. Stairs down to The Gnomish Mines. The Gnomish Mines: Level 4: <- You were here. Final resting place for you, killed by a rabid rat, NetSysFire-Pri-Hum-Fem-Cha, killed by a rabid rat. Game over: ---------- / \ / REST \ / IN \ / PEACE \ / \ | elenmirie | | 204 Au | | killed by a | | rabid rat | | | | | | 2022 | *| * * * | * _________)/\\_//(\/(/\)/\//\/|_)_______ Goodbye elenmirie the Rogue... You died in The Gnomish Mines on dungeon level 4 with 418 points, and 204 pieces of gold, after 951 moves. You were level 2 with a maximum of 13 hit points when you died.